 Dungeon Crawl Stone Soup version 0.23.0 (webtiles) character file.

Game seed: 3842557727490345369

111 MovingMist the Ducker (level 4, 0/34 HPs)
             Began as a Demonspawn Gladiator on Feb 18, 2019.
             Slain by Sigmund
             ... wielding a +0 scythe
              (7 damage)
             ... on level 3 of the Dungeon.
             The game lasted 00:07:16 (2141 turns).

MovingMist the Ducker (Demonspawn Gladiator)        Turns: 2141, Time: 00:07:17

Health: 0/34       AC: 12    Str: 14    XL:     4   Next: 62%
Magic:  4/4        EV:  7    Int:  9    God:
Gold:   109        SH:  0    Dex: 16    Spells: 3/3 levels left

rFire    . . .     SeeInvis .   a - +0 long sword
rCold    . . .     Gourm    .   (no shield)
rNeg     . . .     Faith    .   t - +1 chain mail
rPois    .         Spirit   .   c - +0 helmet
rElec    .         Reflect  .   (no cloak)
rCorr    .         Harm     .   (no gloves)
MR       .....                  (no boots)
Stlth    ..........             (no amulet)
HPRegen  0.11/turn              (no ring)
MPRegen  0.09/turn              (no ring)

@: no status effects
A: molten scales 1
a: no special abilities


You were on level 3 of the Dungeon.
You were not hungry.

You visited 1 branch of the dungeon, and saw 3 of its levels.

You collected 109 gold pieces.

Inventory:

Hand Weapons
 a - a +0 long sword (weapon)
Missiles
 d - 3 throwing nets (quivered)
Armour
 c - a +0 helmet (worn)
 t - a +1 chain mail (worn)
Jewellery
 b - an uncursed amulet of the gourmand
Scrolls
 j - a scroll of amnesia
 k - a scroll of noise {unknown}
 n - a scroll of remove curse
 r - a scroll of random uselessness
 s - a scroll of teleportation {unknown}
Potions
 g - a potion of agility {unknown}
 h - 2 potions of brilliance
 i - a potion of resistance {unknown}
 l - a potion of magic {unknown}
 o - a potion of flight {unknown}
 p - a potion of might {unknown}
Comestibles
 f - 3 rations


   Skills:
 + Level 2.9 Fighting
 + Level 3.3 Long Blades
 - Level 1.7 Throwing
 * Level 4.0 Dodging


You had 3 spell levels left.
You didn't know any spells.
Your spell library was empty.

Dungeon Overview and Level Annotations

Branches:
Dungeon (3/15)

Altars:
Xom

Annotations:
D:3 Sigmund


Innate Abilities, Weirdness & Mutations

You are partially covered in molten scales. (AC +2)


Message History

You closely miss something. The bat hits you but does no damage.
Something hits you but does no damage.
You hit something. The bat hits you but does no damage.
Something hits you but does no damage.
You closely miss something. The bat hits you but does no damage.
Something hits you but does no damage.
You hit something but do no damage. The bat barely misses you.
You riposte.
You miss the bat.
You hear some strange, mumbled words.
A magic dart appears from out of thin air!
The magic dart hits you but does no damage.
You miss something. The bat hits you but does no damage.
The bat barely misses you.
You riposte.
You miss the bat. Something hits you but does no damage.
You hit something. The bat hits you but does no damage.
Something hits you but does no damage.
You miss something. The bat hits you but does no damage.
A goblin comes into view.
Something hits you!
You die...

#. #.##.#.##... #####.
#.##.......
.(....#####.##...## #
#.###..............##.
......................#
####.#..###.......###.
# #..###..........g
#.#..#.....{...###
#.#...#...#@...#
#....###.......#
###...#.##b..#.#
#..#.###...#.#
#.........รท..#
#.####....###..<###
#.........##....####.#
######...##..........#
##.####....####.#


You could see a goblin (wandering) and a bat.

Vanquished Creatures
  3 adders (D:2)
  An ooze (D:2)
  A worm (D:2)
  4 dart slugs
  2 leopard geckos (D:2)
  5 giant cockroaches
  7 goblins
  7 hobgoblins
  11 jackals
  5 kobolds
  7 bats
  3 frilled lizards
  4 rats
60 creatures vanquished.

Notes
Turn   | Place    | Note
-------+----------+-------------------------------------------
     0 | D:1      | MovingMist the Demonspawn Gladiator began the quest for the
                  | Orb.
     0 | D:1      | Reached XP level 1. HP: 16/16 MP: 1/1
   105 | D:1      | Reached skill level 3 in Dodging
   112 | D:1      | Gained mutation: You are partially covered in molten
                  | scales. (AC +2) [demonic ancestry]
   112 | D:1      | Reached XP level 2. HP: 14/22 MP: 2/2
   753 | D:2      | Reached XP level 3. HP: 15/28 MP: 3/3
  1063 | D:2      | Found a shimmering altar of Xom.
  1285 | D:2      | Reached XP level 4. HP: 34/34 MP: 4/4
  1862 | D:3      | Noticed Sigmund
  1880 | D:2      | Reached skill level 4 in Dodging
  2141 | D:3      | Slain by Sigmund

Skill      XL: |  1  2  3  4 |
---------------+-------------+-----
Dodging        | 3 4 |  4.0
Long Blades    | 3 |  3.3
Fighting       | |  2.9
Throwing       | |  1.7

Action                   |  1- 3 |  4- 6 || total
-------------------------+-------+-------++-------
Melee: Long sword        |   118 |    93 ||   211
  Use: Scroll            |       |     6 ||     6
       Potion            |       |     1 ||     1
 Stab: Sleeping          |     1 |       ||     1
  Eat: Chunk             |     1 |     3 ||     4
Armor: Leather armour    |    35 |    17 ||    52
       Chain mail        |       |    68 ||    68
Dodge: Dodged            |    84 |    67 ||   151
       Rpst.: Long sword |    23 |    17 ||    40
